[Event "45th FIDE Womens Olympiad 2024"]
[Site "Budapest"]
[Date "2024.09.16"]
[Round "6.173"]
[White "Mongeli, Sasha"]
[Black "Timergazi, Layla"]
[Result "0-1"]
[ECO "A34"]
[WhiteElo "1819"]
[BlackElo "1979"]
[PlyCount "168"]
[EventDate "2024.09.05"]
[EventType "team-tourn"]
[EventCountry "HUN"]
[WhiteTeam "Kenya"]
[BlackTeam "New Zealand"]
[WhiteTeamCountry "KEN"]
[BlackTeamCountry "NZL"]
[TimeControl "40/5400+30:1800+30"]

1. d4 Nf6 2. c4 c5 3. Nf3 cxd4 4. Nxd4 d6 5. Nc3 b6 6. e4 Bb7 7. Bd3 g6 8. O-O Bg7 9. Be3 O-O 10. Rc1 Nbd7 11. f3 Rc8 12. b3 Nc5 13. Be2 Ne8 14. Qd2 Be5 15. f4 Bg7 16. Bf3 e6 17. f5 Be5 18. Bf2 Ng7 19. fxe6 fxe6 20. Nde2 Qe7 21. Rcd1 Nd7 22. Bg3 Rcd8 23. Nb5 Bxg3 24. Nxg3 Ne5 25. Nxa7 d5 26. exd5 exd5 27. cxd5 Ba6 28. Nc6 Nxc6 29. d6 Qd7 30. Qd5+ Kh8 31. Qxc6 Qxc6 32. Bxc6 Bxf1 33. Nxf1 Rf6 34. Ne3 Rfxd6 35. Rxd6 Rxd6 36. Bb5 Nh5 37. Nc4 Rf6 38. g3 Ng7 39. Bd7 Kg8 40. Kg2 Kf7 41. a4 Ke7 42. Bb5 Nf5 43. a5 bxa5 44. Ba4 Ra6 45. g4 Nd4 46. Kg3 Ke6 47. Kf4 Kd5 48. Ne3+ Kc5 49. Ke4 Re6+ 50. Kd3 Nf3 51. h3 Rd6+ 52. Kc3 Ng1 53. h4 Nf3 54. h5 gxh5 55. gxh5 Nd4 56. Nc4 Ra6 57. Nxa5 Ne2+ 58. Kd2 Rxa5 59. Kxe2 Kd4 60. Kf3 Rxh5 61. Kg4 Rh1 62. Be8 Kc3 63. Bf7 Rf1 64. Be6 Kd4 65. Bc4 Rh1 66. Kf5 h5 67. Kg5 h4 68. Kg4 Ke3 69. Bd5 Rd1 70. Bc4 Rd4+ 71. Kh3 Rf4 72. Bd5 Kd4 73. Bc4 Ke5 74. Bg8 Kf5 75. Bd5 Kg5 76. Be6 Re4 77. Bd5 Re3+ 78. Kh2 h3 79. b4 Kh4 80. b5 Re2+ 81. Kg1 Kg3 82. Kf1 Rb2 83. Bc6 h2 84. Ke1 Rxb5 {0-} 0-1

[Event "45th FIDE Womens Olympiad 2024"]
[Site "Budapest"]
[Date "2024.09.16"]
[Round "6.174"]
[White "Zhang, Jasmine Haomo"]
[Black "Ndirangu, Joyce Nyaruai"]
[Result "1-0"]
[ECO "A48"]
[WhiteElo "1956"]
[BlackElo "1782"]
[PlyCount "75"]
[EventDate "2024.09.05"]
[EventType "team-tourn"]
[EventCountry "HUN"]
[WhiteTeam "New Zealand"]
[BlackTeam "Kenya"]
[WhiteTeamCountry "NZL"]
[BlackTeamCountry "KEN"]
[TimeControl "40/5400+30:1800+30"]

1. d4 Nf6 2. Bf4 g6 3. e3 Bg7 4. Nd2 c5 5. c3 b6 6. Ngf3 Bb7 7. Bd3 Nc6 8. h3 d6 9. Qe2 Nd7 10. Bg3 Qc7 11. a4 a6 12. O-O O-O 13. Nb3 Qc8 14. Rfe1 e5 15. d5 Ne7 16. e4 Bh6 17. c4 a5 18. Nbd2 f5 19. Bh4 Qe8 20. Ng5 Rc8 21. Ndf3 Nf6 22. Ne6 Rf7 23. Nfg5 Bxg5 24. Nxg5 Rg7 25. Ne6 Rf7 26. f4 fxe4 27. Bxe4 Nxe4 28. Qxe4 Nf5 29. fxe5 dxe5 30. b3 Qd7 31. Rab1 Qd6 32. Bf2 Re7 33. Qxe5 Qxe5 34. Rxe5 Ng7 35. Rbe1 Rce8 36. Nxg7 Rxe5 37. Nxe8 Rxe1+ 38. Bxe1 1-0

[Event "45th FIDE Womens Olympiad 2024"]
[Site "Budapest"]
[Date "2024.09.16"]
[Round "6.175"]
[White "Mutisya, Jully"]
[Black "Ning, Isabelle Yixuan"]
[Result "0-1"]
[ECO "A47"]
[WhiteElo "1750"]
[BlackElo "1915"]
[PlyCount "74"]
[EventDate "2024.09.05"]
[EventType "team-tourn"]
[EventCountry "HUN"]
[WhiteTeam "Kenya"]
[BlackTeam "New Zealand"]
[WhiteTeamCountry "KEN"]
[BlackTeamCountry "NZL"]
[TimeControl "40/5400+30:1800+30"]

1. d4 Nf6 2. Bf4 e6 3. e3 c5 4. c3 b6 5. Nd2 Bb7 6. Ngf3 Be7 7. Bd3 cxd4 8. exd4 O-O 9. O-O d6 10. Re1 Re8 11. Qe2 Nbd7 12. Ne4 Nxe4 13. Bxe4 Bxe4 14. Qxe4 Nf6 15. Qd3 Qd7 16. Rad1 b5 17. Nd2 Qc6 18. Rc1 Nd5 19. Bg3 Nb6 20. b3 d5 21. c4 bxc4 22. bxc4 dxc4 23. Nxc4 Rac8 24. Ne3 Qxc1 25. Rxc1 Rxc1+ 26. Nf1 Nd5 27. h3 h5 28. h4 Rec8 29. Kh2 Ra1 30. Qb5 a6 31. Qxa6 Rcc1 32. Qa8+ Kh7 33. Qe8 Rxf1 34. Be5 Bxh4 35. Kh3 Rh1+ 36. Bh2 Nf6 37. Qxf7 Rxh2+ {0-} 0-1

[Event "45th FIDE Womens Olympiad 2024"]
[Site "Budapest"]
[Date "2024.09.16"]
[Round "6.176"]
[White "Braganza, Nadia"]
[Black "Karanja, Ether"]
[Result "1-0"]
[ECO "E16"]
[WhiteElo "1890"]
[BlackElo "1637"]
[PlyCount "89"]
[EventDate "2024.09.05"]
[EventType "team-tourn"]
[EventCountry "HUN"]
[WhiteTeam "New Zealand"]
[BlackTeam "Kenya"]
[WhiteTeamCountry "NZL"]
[BlackTeamCountry "KEN"]
[TimeControl "40/5400+30:1800+30"]

1. c4 e6 2. g3 d5 3. Bg2 Nf6 4. Nf3 b6 5. O-O Bb7 6. d4 c5 7. cxd5 exd5 8. Nc3 Be7 9. Qb3 O-O 10. dxc5 Bxc5 11. Bg5 Nbd7 12. Rad1 Qe8 13. Nd4 Bxd4 14. Rxd4 Nc5 15. Qc2 Nce4 16. Nxd5 Bxd5 17. Bxf6 Nxf6 18. Bxd5 Nxd5 19. Rxd5 Rc8 20. Qd3 Rc7 21. Rd1 Qc6 22. Rd8 g6 23. Rxf8+ Kxf8 24. Qe3 Rd7 25. Rc1 Qf6 26. Rc8+ Rd8 27. Rc7 Re8 28. Qd2 Qe5 29. Qd7 Re7 30. Qxe7+ Qxe7 31. Rxe7 Kxe7 32. Kg2 Ke6 33. Kf3 Ke5 34. Ke3 f5 35. Kd3 b5 36. Kc3 a5 37. a4 bxa4 38. Kc4 a3 39. bxa3 Kd6 40. Kb5 h5 41. Kxa5 Kc5 42. a4 g5 43. h4 g4 44. Ka6 Kc6 45. a5 1-0

[Event "45th FIDE Womens Olympiad 2024"]
[Site "Budapest"]
[Date "2024.09.16"]
[Round "6.177"]
[White "Pang, Kay Yan Eden"]
[Black "Thornton, Filipina"]
[Result "1-0"]
[ECO "D78"]
[WhiteElo "1847"]
[BlackElo "1768"]
[PlyCount "57"]
[EventDate "2024.09.05"]
[EventType "team-tourn"]
[EventCountry "HUN"]
[WhiteTeam "Singapore"]
[BlackTeam "Malta"]
[WhiteTeamCountry "SIN"]
[BlackTeamCountry "MLT"]
[TimeControl "40/5400+30:1800+30"]

1. d4 Nf6 2. c4 g6 3. g3 c6 4. Bg2 Bg7 5. Nf3 O-O 6. O-O d5 7. Nc3 Nbd7 8. Qc2 Nb6 9. cxd5 cxd5 10. Ne5 Ng4 11. Nxg4 Bxg4 12. Rd1 Rc8 13. Qb3 Be6 14. a4 a5 15. Qb5 Nc4 16. Bxd5 Bxd5 17. Nxd5 Nd6 18. Qb3 e6 19. Nc3 Rc4 20. d5 Rb4 21. Qc2 exd5 22. Nxd5 Rd4 23. Be3 Rxd1+ 24. Rxd1 Nf5 25. Bc5 Re8 26. Ne7+ Qxe7 27. Bxe7 Rxe7 28. Rd8+ Bf8 29. Qc8 1-0

[Event "45th FIDE Womens Olympiad 2024"]
[Site "Budapest"]
[Date "2024.09.16"]
[Round "6.178"]
[White "Farrugia, Jamie"]
[Black "Rice, Lauren"]
[Result "1/2-1/2"]
[ECO "B07"]
[WhiteElo "1733"]
[BlackElo "1824"]
[PlyCount "65"]
[EventDate "2024.09.05"]
[EventType "team-tourn"]
[EventCountry "HUN"]
[WhiteTeam "Malta"]
[BlackTeam "Singapore"]
[WhiteTeamCountry "MLT"]
[BlackTeamCountry "SIN"]
[TimeControl "40/5400+30:1800+30"]

1. e4 c5 2. c3 d6 3. d4 Nf6 4. Bd3 g6 5. Nf3 Bg7 6. O-O O-O 7. h3 Nbd7 8. Bf4 Nh5 9. Bh2 cxd4 10. cxd4 Qb6 11. Nc3 Bh6 12. Nd5 Qd8 13. Re1 Nb6 14. Ne3 Nf4 15. Ng4 Bxg4 16. hxg4 Nxd3 17. Qxd3 Rc8 18. g5 Bg7 19. Rac1 Qd7 20. b3 Rc6 21. Rxc6 Qxc6 22. Bf4 Qd7 23. Rc1 Rc8 24. Rc2 Rc6 25. Be3 Qc7 26. Rxc6 bxc6 27. Nd2 Qb7 28. Qc2 e6 29. Nc4 Nxc4 30. bxc4 f6 31. gxf6 Bxf6 32. Qb3 Qxb3 33. axb3 1/2-1/2

[Event "45th FIDE Womens Olympiad 2024"]
[Site "Budapest"]
[Date "2024.09.16"]
[Round "6.179"]
[White "Koh, Wei Le Gladys"]
[Black "Stagno, Milena"]
[Result "1-0"]
[ECO "B31"]
[WhiteElo "1788"]
[BlackElo "1664"]
[PlyCount "137"]
[EventDate "2024.09.05"]
[EventType "team-tourn"]
[EventCountry "HUN"]
[WhiteTeam "Singapore"]
[BlackTeam "Malta"]
[WhiteTeamCountry "SIN"]
[BlackTeamCountry "MLT"]
[TimeControl "40/5400+30:1800+30"]

1. e4 c5 2. Nf3 Nc6 3. Bb5 g6 4. O-O Bg7 5. c3 Nf6 6. Re1 O-O 7. d4 cxd4 8. cxd4 a6 9. Bf1 d6 10. h3 b5 11. a3 Bb7 12. Nc3 Rc8 13. Bg5 Re8 14. Qd3 Na5 15. Rad1 Nc4 16. Bc1 Qc7 17. a4 b4 18. Nb1 a5 19. b3 Nb6 20. Bf4 Qc2 21. Qb5 Qc6 22. d5 Qxb5 23. Bxb5 Red8 24. Nbd2 Nfd7 25. Be3 Nc5 26. Nd4 Nbd7 27. f3 Ne5 28. Nc4 Nxc4 29. Bxc4 Nxa4 30. Ra1 Nc3 31. Rxa5 Ra8 32. Rxa8 Rxa8 33. Nc2 Ba6 34. Nxb4 Bxc4 35. bxc4 Ra4 36. Nc6 Kf8 37. c5 Nb5 38. Rb1 Ra1 39. Rxa1 Bxa1 40. cxd6 Nxd6 41. Bd4 Bxd4+ 42. Nxd4 Kg7 43. Kf2 Kf6 44. g3 e6 45. dxe6 fxe6 46. Nc6 e5 47. Ke3 g5 48. g4 Nc4+ 49. Kf2 h6 50. Nb4 Ke6 51. Nd5 Nd2 52. Ke2 Nb3 53. Kf2 Nd4 54. Ne3 Kf6 55. Nf5 Ne6 56. Nxh6 Nf4 57. Kg3 Ne2+ 58. Kg2 Nf4+ 59. Kh2 Ne2 60. Nf5 Nd4 61. Nxd4 exd4 62. Kg2 Ke5 63. Kf2 Kf4 64. Ke2 d3+ 65. Kxd3 Kxf3 66. e5 Kg3 67. Ke4 Kxh3 68. Kf5 Kh4 69. e6 1-0

[Event "45th FIDE Womens Olympiad 2024"]
[Site "Budapest"]
[Date "2024.09.16"]
[Round "6.180"]
[White "Portelli, Martina"]
[Black "Fang, Kun"]
[Result "0-1"]
[ECO "C54"]
[WhiteElo "1523"]
[BlackElo "1769"]
[PlyCount "142"]
[EventDate "2024.09.05"]
[EventType "team-tourn"]
[EventCountry "HUN"]
[WhiteTeam "Malta"]
[BlackTeam "Singapore"]
[WhiteTeamCountry "MLT"]
[BlackTeamCountry "SIN"]
[TimeControl "40/5400+30:1800+30"]

1. e4 e5 2. Nf3 Nc6 3. Bc4 Bc5 4. c3 Nf6 5. d3 d6 6. O-O a6 7. Bb3 Ba7 8. Re1 h6 9. Nbd2 O-O 10. Nf1 Re8 11. Ng3 Be6 12. Bc2 d5 13. exd5 Bxd5 14. Be3 Bxe3 15. Rxe3 Qd7 16. h3 Re7 17. d4 Rae8 18. dxe5 Nxe5 19. Nxe5 Rxe5 20. Rxe5 Rxe5 21. Bb3 Qe7 22. Bxd5 Nxd5 23. Qf3 c6 24. Nf5 Qf6 25. g4 g6 26. Nd4 Qxf3 27. Nxf3 Re2 28. Rb1 Nf4 29. Kf1 Rc2 30. Nd4 Rd2 31. h4 Nd3 32. Ne2 Rxb2 33. Rxb2 Nxb2 34. Ng3 Na4 35. Ne4 f5 36. gxf5 gxf5 37. Nd6 Nxc3 38. Nxf5 Kh7 39. Nd6 b5 40. Nb7 Nxa2 41. Ke2 Kg6 42. Ke3 Kh5 43. Kd4 Kxh4 44. f4 Nc1 45. f5 Kg5 46. Ke5 Nd3+ 47. Ke6 Nf4+ 48. Ke5 Nd5 49. Na5 b4 50. Nxc6 b3 51. Nd4 b2 52. Nf3+ Kg4 53. Nd2 Ne7 54. f6 Ng6+ 55. Kd4 h5 56. Kc3 h4 57. Kxb2 h3 58. Nf1 Kf3 59. Nh2+ Kg3 60. Nf1+ Kg2 61. Ne3+ Kf3 62. Nf1 Ne5 63. Nh2+ Kf4 64. Kb3 Kf5 65. Ka4 Kxf6 66. Ka5 Kf5 67. Kxa6 Kf4 68. Kb5 Kg3 69. Nf1+ Kf2 70. Nd2 h2 71. Ne4+ Kg2 {0-} 0-1

[Event "45th FIDE Womens Olympiad 2024"]
[Site "Budapest"]
[Date "2024.09.16"]
[Round "6.181"]
[White "Ortez, Andrea"]
[Black "Strade, Arita"]
[Result "1/2-1/2"]
[ECO "C41"]
[WhiteElo "1948"]
[BlackElo "1946"]
[PlyCount "160"]
[EventDate "2024.09.05"]
[EventType "team-tourn"]
[EventCountry "HUN"]
[WhiteTeam "El Salvador"]
[BlackTeam "Guernsey"]
[WhiteTeamCountry "ESA"]
[TimeControl "40/5400+30:1800+30"]

1. e4 d6 2. d4 e5 3. Nf3 exd4 4. Nxd4 Nf6 5. Nc3 Be7 6. Be2 O-O 7. O-O Nc6 8. Nxc6 bxc6 9. f4 d5 10. e5 Bc5+ 11. Kh1 Nd7 12. Bf3 a5 13. Re1 Re8 14. Bg4 Nf8 15. f5 h5 16. Bh3 Qh4 17. Be3 Bxe3 18. Rxe3 Qf4 19. Qe1 Qh6 20. Rd1 Rb8 21. Na4 Rb4 22. b3 Rf4 23. g3 Rb4 24. a3 Rb5 25. c4 Rb8 26. Nc5 Qg5 27. Qf2 dxc4 28. bxc4 Rb2 29. Qf3 Rc2 30. Ne4 Qh6 31. e6 Rxc4 32. Nd2 Rd4 33. exf7+ Kxf7 34. Rxe8 Kxe8 35. Re1+ Kf7 36. Qb3+ Rd5 37. Ne4 Kg8 38. Nc3 Qd2 39. Rd1 Qe3 40. Bg2 Bxf5 41. Qc4 Kh7 42. Nxd5 cxd5 43. Qxd5 Bg6 44. Qxa5 c5 45. Re1 Qd4 46. Qa8 Qd2 47. Rf1 Ne6 48. Be4 Qe2 49. Bxg6+ Kxg6 50. Qf3 Qe5 51. g4 hxg4 52. Rg1 Kh7 53. Rxg4 Qe1+ 54. Kg2 Qd2+ 55. Kg3 Qd6+ 56. Kh3 Kg8 57. a4 c4 58. Qa8+ Kf7 59. Qb7+ Kf6 60. Qf3+ Ke7 61. Qe3 Kf6 62. Qc3+ Kf7 63. Qxc4 Qe5 64. Qf1+ Ke7 65. Kg2 g5 66. Qf3 Qb2+ 67. Qf2 Qe5 68. Qa7+ Kf6 69. Qf2+ Ke7 70. h4 Qd5+ 71. Qf3 Qd2+ 72. Qf2 Qd5+ 73. Kh2 Qe5+ 74. Qg3 Qe2+ 75. Kh3 Qf1+ 76. Qg2 Qd3+ 77. Kh2 Qd6+ 78. Kg1 Qd1+ 79. Kh2 Qd6+ 80. Kh3 Qd3+ 1/2-1/2

[Event "45th FIDE Womens Olympiad 2024"]
[Site "Budapest"]
[Date "2024.09.16"]
[Round "6.182"]
[White "Nevska, Gerda"]
[Black "Vasquez Vasquez, Marielos"]
[Result "0-1"]
[ECO "A36"]
[WhiteElo "1892"]
[BlackElo "1844"]
[PlyCount "126"]
[EventDate "2024.09.05"]
[EventType "team-tourn"]
[EventCountry "HUN"]
[WhiteTeam "Guernsey"]
[BlackTeam "El Salvador"]
[BlackTeamCountry "ESA"]
[TimeControl "40/5400+30:1800+30"]

1. c4 Nf6 2. Nc3 g6 3. e4 d6 4. g3 Bg7 5. Bg2 O-O 6. Nge2 c5 7. O-O Nc6 8. h3 Ne8 9. Rb1 Rb8 10. a3 a5 11. d3 Nc7 12. b3 Nd4 13. b4 axb4 14. axb4 cxb4 15. Rxb4 Nxe2+ 16. Nxe2 b5 17. Be3 Bd7 18. Qc1 Na6 19. Rb3 Nc5 20. Bxc5 dxc5 21. cxb5 Rxb5 22. Rxb5 Bxb5 23. Qxc5 Qxd3 24. Nf4 Qd7 25. Rb1 Ba4 26. Nd5 e6 27. Nb6 Qd3 28. Rb4 Bd1 29. e5 Rd8 30. Nc4 Bf8 31. Nd6 Bxd6 32. exd6 Qxd6 33. Qa5 Qd2 34. Qc7 Qd6 35. Qa5 Be2 36. Re4 Bd3 37. Rb4 Bf5 38. Rb7 Rc8 39. Qa7 Qd1+ 40. Kh2 Rf8 41. Qe3 Qa1 42. Re7 Qf6 43. Rb7 h5 44. Rb4 Rd8 45. Bf3 Kg7 46. Kg2 Rd3 47. Qc5 Bxh3+ 48. Kxh3 Rxf3 49. Kg2 Rf5 50. Qa7 Qc3 51. Qb7 Qd2 52. Qb6 Qd5+ 53. Kg1 Qd1+ 54. Kg2 Qf3+ 55. Kg1 Rd5 56. Rb1 h4 57. gxh4 Qg4+ 58. Kf1 Qh3+ 59. Kg1 Qxh4 60. Rb3 Rd1+ 61. Kg2 Qh1+ 62. Kg3 g5 63. Qb4 Rg1# {0-} 0-1

[Event "45th FIDE Womens Olympiad 2024"]
[Site "Budapest"]
[Date "2024.09.16"]
[Round "6.183"]
[White "Zavala Galindo, Alejandra Beatriz"]
[Black "Denning, Julie L"]
[Result "1-0"]
[ECO "A05"]
[WhiteElo "1870"]
[BlackElo "1741"]
[PlyCount "103"]
[EventDate "2024.09.05"]
[EventType "team-tourn"]
[EventCountry "HUN"]
[WhiteTeam "El Salvador"]
[BlackTeam "Guernsey"]
[WhiteTeamCountry "ESA"]
[TimeControl "40/5400+30:1800+30"]

1. Nf3 Nf6 2. g3 b5 3. Bg2 Bb7 4. O-O g6 5. d3 Bg7 6. e4 d6 7. c3 O-O 8. Qb3 a5 9. a4 c6 10. Na3 Nbd7 11. axb5 Nc5 12. Qc2 cxb5 13. Nxb5 a4 14. Be3 Nb3 15. Rad1 e5 16. Nd2 Bc6 17. Na3 Qb8 18. h3 Qb7 19. Nac4 Rfd8 20. Bb6 Nxd2 21. Qxd2 Rd7 22. Ba5 Qb5 23. Bb4 Qb8 24. Qe3 Raa7 25. Ra1 Ne8 26. Rfd1 d5 27. Nb6 Rd8 28. exd5 Ba8 29. Rxa4 Rxa4 30. Nxa4 Bxd5 31. Bxd5 Rxd5 32. Qb6 Qc8 33. Kg2 Qa8 34. Kh2 Qxa4 35. Qb8 Qd7 36. c4 Bf6 37. cxd5 Kg7 38. Rc1 Kh6 39. Bd2+ g5 40. Rc8 Ng7 41. Rc6 Kg6 42. Qb6 Ne8 43. Qc5 Kg7 44. Bc3 Qf5 45. Qe3 h5 46. b4 Qd7 47. Bxe5 Qxd5 48. Qxg5+ Kf8 49. Rxf6 Nxf6 50. Bxf6 Qd6 51. Qg7+ Ke8 52. Qg8+ 1-0

[Event "45th FIDE Womens Olympiad 2024"]
[Site "Budapest"]
[Date "2024.09.16"]
[Round "6.185"]
[White "Mayorga Araya, Sofia"]
[Black "Laamim, Roaa"]
[Result "1-0"]
[ECO "C77"]
[WhiteElo "2059"]
[BlackElo "1879"]
[PlyCount "75"]
[EventDate "2024.09.05"]
[EventType "team-tourn"]
[EventCountry "HUN"]
[WhiteTeam "Costa Rica"]
[BlackTeam "Morocco"]
[WhiteTeamCountry "CRI"]
[BlackTeamCountry "MAR"]
[TimeControl "40/5400+30:1800+30"]

1. e4 e5 2. Nf3 Nc6 3. Bb5 a6 4. Ba4 Nf6 5. Qe2 b5 6. Bb3 Bc5 7. c3 O-O 8. O-O d5 9. d3 d4 10. h3 h6 11. Nbd2 a5 12. a4 dxc3 13. bxc3 b4 14. Bb2 bxc3 15. Bxc3 Nd4 16. Qd1 Re8 17. Ba2 Bb4 18. Bxb4 axb4 19. Nxd4 Qxd4 20. Qc2 Ba6 21. Rfd1 Qd7 22. Nf3 Rac8 23. d4 exd4 24. Rxd4 Qe7 25. e5 Nd7 26. Qc6 Nb6 27. a5 Be2 28. axb6 Bxf3 29. Qxf3 cxb6 30. Rad1 Rc3 31. R4d3 Rxd3 32. Rxd3 Qa7 33. Bb3 Kh8 34. Bxf7 Rc8 35. Rd1 Qe7 36. e6 Rd8 37. Rxd8+ Qxd8 38. e7 1-0

[Event "45th FIDE Womens Olympiad 2024"]
[Site "Budapest"]
[Date "2024.09.16"]
[Round "6.186"]
[White "Chemaou, Lilya"]
[Black "Rodriguez Arrieta, Maria Elena"]
[Result "0-1"]
[ECO "C49"]
[WhiteElo "1565"]
[BlackElo "1941"]
[PlyCount "64"]
[EventDate "2024.09.05"]
[EventType "team-tourn"]
[EventCountry "HUN"]
[WhiteTeam "Morocco"]
[BlackTeam "Costa Rica"]
[WhiteTeamCountry "MAR"]
[BlackTeamCountry "CRI"]
[TimeControl "40/5400+30:1800+30"]

1. e4 e5 2. Nc3 Nc6 3. Nf3 Nf6 4. Bb5 Bb4 5. d3 d6 6. h3 O-O 7. O-O Ne7 8. a3 Bxc3 9. bxc3 c6 10. Ba4 Qa5 11. Bb3 Qxc3 12. Bd2 Qc5 13. Bb4 Qb6 14. Bxd6 Qd8 15. Bxe5 Ng6 16. Bc3 Nh5 17. Qd2 Nhf4 18. Ne5 Qg5 19. Ng4 h5 20. f3 hxg4 21. fxg4 Be6 22. Bxe6 Nxe6 23. Qf2 c5 24. Qf5 Qe7 25. g3 Nd4 26. Qf2 Rad8 27. Bxd4 Rxd4 28. Qf5 c4 29. Qf2 Qd6 30. dxc4 Rd2 31. Qe3 Rd8 32. Qxa7 Qxg3+ {0-} 0-1

[Event "45th FIDE Womens Olympiad 2024"]
[Site "Budapest"]
[Date "2024.09.16"]
[Round "6.187"]
[White "Acevedo Mendez, Jennifer"]
[Black "El Harrak, Maryam"]
[Result "1-0"]
[ECO "B12"]
[WhiteElo "1836"]
[BlackElo "1639"]
[PlyCount "51"]
[EventDate "2024.09.05"]
[EventType "team-tourn"]
[EventCountry "HUN"]
[WhiteTeam "Costa Rica"]
[BlackTeam "Morocco"]
[WhiteTeamCountry "CRI"]
[BlackTeamCountry "MAR"]
[TimeControl "40/5400+30:1800+30"]

1. e4 c6 2. d4 d5 3. e5 Bf5 4. Nf3 e6 5. Be2 Nd7 6. O-O c5 7. c3 a6 8. Be3 Qc7 9. Nh4 Bg6 10. Nxg6 hxg6 11. Nd2 Be7 12. Nf3 Nh6 13. Rc1 c4 14. b3 b5 15. Qd2 O-O 16. Bxh6 gxh6 17. Qxh6 Rfe8 18. Ng5 Bxg5 19. Qxg5 Kg7 20. f4 Qd8 21. Qg3 Kh7 22. Rf3 Rh8 23. Rcf1 Qe7 24. f5 g5 25. f6 Qf8 26. Qxg5 1-0

[Event "45th FIDE Womens Olympiad 2024"]
[Site "Budapest"]
[Date "2024.09.16"]
[Round "6.188"]
[White "El Barbry, Sarah"]
[Black "Bogantes Robleto, Karina"]
[Result "1-0"]
[ECO "B31"]
[WhiteElo "1862"]
[BlackElo "1766"]
[PlyCount "115"]
[EventDate "2024.09.05"]
[EventType "team-tourn"]
[EventCountry "HUN"]
[WhiteTeam "Morocco"]
[BlackTeam "Costa Rica"]
[WhiteTeamCountry "MAR"]
[BlackTeamCountry "CRI"]
[TimeControl "40/5400+30:1800+30"]

1. e4 c5 2. Nf3 Nc6 3. Bb5 g6 4. Bxc6 dxc6 5. d3 Bg7 6. h3 Nf6 7. Nc3 Nd7 8. Be3 e5 9. Qd2 h6 10. O-O b6 11. Nh2 Nf8 12. f4 exf4 13. Rxf4 Ne6 14. Rf2 Nd4 15. Raf1 Be6 16. Kh1 Qd7 17. b3 O-O-O 18. a4 a5 19. Ne2 Nxe2 20. Qxe2 f5 21. Nf3 fxe4 22. dxe4 g5 23. Nh2 Rhf8 24. Rxf8 Bxf8 25. Rf6 Kb7 26. Rf1 Bg7 27. Ng4 Bxg4 28. Qxg4 Qxg4 29. hxg4 Rd7 30. Re1 Be5 31. Kg1 Bg3 32. Bf2 Bxf2+ 33. Kxf2 Rd2+ 34. Ke3 Rd6 35. e5 Rd4 36. Kf3 Kc7 37. Rh1 Rf4+ 38. Kg3 Re4 39. Rxh6 Rxe5 40. Kf3 Kb7 41. Rh7+ Kc8 42. Rf7 Rd5 43. Rg7 Kb8 44. g3 Kc8 45. Ke4 Rd2 46. Rxg5 Rxc2 47. Rf5 Re2+ 48. Kf4 Rb2 49. g5 Rxb3 50. g6 Rb1 51. g7 Rf1+ 52. Kg5 Rxf5+ 53. Kxf5 b5 54. g8=Q+ Kb7 55. g4 c4 56. g5 c3 57. Qg7+ Kb6 58. Qxc3 1-0

[Event "45th FIDE Womens Olympiad 2024"]
[Site "Budapest"]
[Date "2024.09.16"]
[Round "6.189"]
[White "Kanyamarala, Trisha"]
[Black "Feng, Eunice"]
[Result "1/2-1/2"]
[ECO "D47"]
[WhiteElo "2179"]
[BlackElo "1974"]
[PlyCount "72"]
[EventDate "2024.09.05"]
[EventType "team-tourn"]
[EventCountry "HUN"]
[WhiteTeam "Ireland"]
[BlackTeam "Hong Kong, China"]
[WhiteTeamCountry "IRL"]
[TimeControl "40/5400+30:1800+30"]

1. d4 d5 2. c4 c6 3. Nc3 Nf6 4. e3 e6 5. Nf3 Nbd7 6. Bd3 dxc4 7. Bxc4 b5 8. Bb3 Bb7 9. O-O a6 10. e4 b4 11. Na4 Nxe4 12. Re1 Ndf6 13. Qc2 c5 14. Nxc5 Bxc5 15. Ba4+ Ke7 16. dxc5 Bd5 17. Bf4 Rc8 18. c6 Qa5 19. Nd2 Nc5 20. Nb3 Bxb3 21. axb3 Nd5 22. Be5 f6 23. Bd4 Nxa4 24. bxa4 Kf7 25. Rac1 Rhd8 26. Qxh7 Qxa4 27. Qh5+ Kg8 28. c7 Rxc7 29. Rxc7 Nxc7 30. Bxf6 gxf6 31. Qg6+ Kf8 32. Qxf6+ Ke8 33. Rxe6+ Nxe6 34. Qxe6+ Kf8 35. Qf6+ Ke8 36. Qe6+ Kf8 1/2-1/2

[Event "45th FIDE Womens Olympiad 2024"]
[Site "Budapest"]
[Date "2024.09.16"]
[Round "6.190"]
[White "Lou, Yuxin"]
[Black "O'Gorman, Alice"]
[Result "0-1"]
[ECO "D31"]
[WhiteElo "1654"]
[BlackElo "1996"]
[PlyCount "64"]
[EventDate "2024.09.05"]
[EventType "team-tourn"]
[EventCountry "HUN"]
[WhiteTeam "Hong Kong, China"]
[BlackTeam "Ireland"]
[BlackTeamCountry "IRL"]
[TimeControl "40/5400+30:1800+30"]

1. d4 d5 2. c4 e6 3. Nc3 a6 4. Nf3 dxc4 5. a4 Nc6 6. e4 Na5 7. Bf4 Bb4 8. d5 exd5 9. Qxd5 Qxd5 10. exd5 Nf6 11. Rd1 O-O 12. Be2 Re8 13. Bxc7 Bf5 14. Kf1 Rac8 15. Bb6 Nb3 16. Nd4 Nxd4 17. Bxd4 Bd7 18. Bxf6 gxf6 19. Rd4 Bxc3 20. bxc3 Bxa4 21. Bxc4 b5 22. Bd3 Rxc3 23. g3 Rd8 24. Kg2 Bb3 25. Be4 a5 26. Rb1 a4 27. Rb4 Rc4 28. Rxc4 Bxc4 29. f3 a3 30. Ra1 a2 31. Kf2 b4 32. Bc2 b3 {0-} 0-1

[Event "45th FIDE Womens Olympiad 2024"]
[Site "Budapest"]
[Date "2024.09.16"]
[Round "6.191"]
[White "Mirza, Diana"]
[Black "Leung, Hoi Ting"]
[Result "1-0"]
[ECO "D12"]
[WhiteElo "1962"]
[BlackElo "1619"]
[PlyCount "61"]
[EventDate "2024.09.05"]
[EventType "team-tourn"]
[EventCountry "HUN"]
[WhiteTeam "Ireland"]
[BlackTeam "Hong Kong, China"]
[WhiteTeamCountry "IRL"]
[TimeControl "40/5400+30:1800+30"]

1. d4 Nf6 2. Nf3 d5 3. e3 Bf5 4. c4 e6 5. Bd3 Bxd3 6. Qxd3 c6 7. O-O Be7 8. Nc3 O-O 9. b3 Nbd7 10. Bb2 Rc8 11. cxd5 exd5 12. Ne5 Re8 13. f4 Ne4 14. Nxe4 dxe4 15. Qxe4 f6 16. Nxd7 Ba3 17. Qc2 Bxb2 18. Qxb2 Qxd7 19. Rf3 Re7 20. f5 Rce8 21. Kf2 Qd6 22. Rh1 b6 23. Qc3 Rc7 24. Qc4+ Kh8 25. g3 c5 26. Rc1 cxd4 27. Qxc7 dxe3+ 28. Kg1 Qd4 29. Qf4 Qb2 30. Qxe3 Rg8 31. Rf2 1-0

[Event "45th FIDE Womens Olympiad 2024"]
[Site "Budapest"]
[Date "2024.09.16"]
[Round "6.192"]
[White "Liu, Tian Yi"]
[Black "Gora, Antonina"]
[Result "1-0"]
[ECO "B51"]
[WhiteElo "1607"]
[BlackElo "1943"]
[PlyCount "83"]
[EventDate "2024.09.05"]
[EventType "team-tourn"]
[EventCountry "HUN"]
[WhiteTeam "Hong Kong, China"]
[BlackTeam "Ireland"]
[BlackTeamCountry "IRL"]
[TimeControl "40/5400+30:1800+30"]

1. e4 c5 2. Nf3 d6 3. Bb5+ Nd7 4. c3 a6 5. Ba4 b5 6. Bc2 Bb7 7. O-O Ngf6 8. Qe2 g6 9. d4 cxd4 10. cxd4 Bg7 11. Re1 O-O 12. Bd2 Rc8 13. Bd3 Qb6 14. a4 bxa4 15. Rxa4 Nb8 16. Na3 Nfd7 17. Nc4 Qa7 18. Na5 Nb6 19. Rb4 Nc6 20. Nxc6 Bxc6 21. Bxa6 Rb8 22. d5 Bd7 23. Be3 Qc7 24. Rc1 Qd8 25. Nd4 Na8 26. Nc6 Bxc6 27. Rxb8 Qxb8 28. dxc6 Nc7 29. Bb7 d5 30. Rd1 dxe4 31. Rd7 Be5 32. Bb6 Na8 33. Qa6 Bxh2+ 34. Kh1 Nxb6 35. Qxb6 Qf4 36. Qe3 Qh4 37. Qh3 Qxf2 38. Kxh2 e3 39. Qg3 Qf5 40. Qxe3 e5 41. Rd5 Re8 42. c7 1-0

[Event "45th FIDE Womens Olympiad 2024"]
[Site "Budapest"]
[Date "2024.09.16"]
[Round "6.193"]
[White "Nahed, Galab"]
[Black "Castillo Beitia, Ashley Alexandra"]
[Result "0-1"]
[ECO "D11"]
[WhiteElo "1693"]
[BlackElo "2071"]
[PlyCount "86"]
[EventDate "2024.09.05"]
[EventType "team-tourn"]
[EventCountry "HUN"]
[WhiteTeam "Sudan"]
[BlackTeam "Panama"]
[WhiteTeamCountry "SUD"]
[BlackTeamCountry "PAN"]
[TimeControl "40/5400+30:1800+30"]

1. Nf3 d5 2. d4 c6 3. g3 Nf6 4. Bg2 Bf5 5. c4 e6 6. O-O Be7 7. Nc3 Ne4 8. cxd5 exd5 9. Nd2 Nxd2 10. Qxd2 O-O 11. e4 dxe4 12. Nxe4 Na6 13. a3 Qd7 14. Qc3 Bh3 15. b4 Bxg2 16. Kxg2 Qd5 17. f3 Nc7 18. Bb2 Rad8 19. Rad1 f5 20. Nf2 Bf6 21. Qc5 Qxc5 22. bxc5 Rf7 23. Rd3 Rfd7 24. Rfd1 Kf7 25. a4 Ne6 26. Ba1 Bxd4 27. Bxd4 Rxd4 28. Rxd4 Rxd4 29. Rxd4 Nxd4 30. Nd3 Ke6 31. Kf2 Kd5 32. Ke3 Ne6 33. h4 Nxc5 34. Nf4+ Ke5 35. a5 Ne6 36. Ne2 g6 37. Nc3 f4+ 38. gxf4+ Nxf4 39. Kf2 Kd4 40. Ne4 b5 41. axb6 axb6 42. Kg3 Ne6 43. Nf6 b5 {0-} 0-1